 Dungeon Crawl Stone Soup version 0.22.1-2-g9c5b331 (webtiles) character file.

44 OPFEOP the Firebug (level 3, -6/21 HPs)
             Began as an Octopode Fire Elementalist on Dec 8, 2018.
             Mangled by a gnoll
             ... wielding a +0 spear
              (10 damage)
             ... on level 2 of the Dungeon.
             The game lasted 00:03:40 (852 turns).

OPFEOP the Firebug (Octopode Fire Elementalist)      Turns: 852, Time: 00:03:41

Health: -6/21      AC:  1    Str:  7    XL:     3   Next: 60%
Magic:  2/6        EV: 13    Int: 18    God:
Gold:   35         SH:  0    Dex: 12    Spells: 6/7 levels left

rFire    . . .     SeeInvis .   a - +0 dagger
rCold    . . .     Gourm    .   (no shield)
rNeg     . . .     Faith    .   (helmet restricted)
rPois    .         Spirit   .   (no amulet)
rElec    .         Reflect  .   (no ring)
rCorr    .         Harm     .   (no ring)
MR       .....                  (no ring)
Stlth    +++.......             (no ring)
HPRegen  0.07/turn              (no ring)
MPRegen  0.10/turn              (no ring)
                                (no ring)
                                (no ring)

@: no status effects
A: almost no armour, stealthy swim, amphibious, 8 rings, constrict 8, camouflage
1, gelatinous body 1
a: no special abilities


You were on level 2 of the Dungeon.
You were not hungry.

You visited 1 branch of the dungeon, and saw 2 of its levels.

You collected 35 gold pieces.

Inventory:

Hand Weapons
 a - a +0 dagger (weapon)
Scrolls
 d - 3 scrolls of remove curse {unknown}
 e - a scroll of teleportation {unknown}
 f - 2 scrolls of identify {unknown}
Potions
 g - a potion of flight {unknown}
Comestibles
 b - 2 rations
 c - 3 chunks of flesh


   Skills:
 + Level 2.2 Dodging
 - Level 2.6 Stealth
 * Level 2.6 Spellcasting
 * Level 1.9 Conjurations
 * Level 3.4 Fire Magic


You had 6 spell levels left.
You knew the following spells:

 Your Spells              Type           Power        Failure   Level  Hunger
a - Flame Tongue          Conj/Fire      ##...        5%          1    #......

Your spell library contained the following spells:

 Spells                   Type           Power        Failure   Level  Hunger
 Throw Flame              Conj/Fire      ##....       9%          2    ##.....
 Conjure Flame            Conj/Fire      ##......     17%         3    ###....
 Inner Flame              Hex/Fire       #.......     26%         3    ###....
 Sticky Flame             Conj/Fire      ##......     50%         4    #####..
 Fireball                 Conj/Fire      ##........   83%         5    ######.


Dungeon Overview and Level Annotations

Branches:
Dungeon (1/15)

Altars:


Innate Abilities, Weirdness & Mutations

You cannot wear most types of armour.
You are very stealthy in the water. (Stealth+)
You are amphibious.
You can wear up to eight rings at the same time.
You can use your tentacles to constrict eight enemies at once.
Your skin changes colour to match your surroundings (Stealth+).
Your rubbery body absorbs attacks. (AC +1, EV +1)


Message History

Press: ? - help, Shift-Dir - straight line, f/p - gnoll
Aim: a gnoll, wielding a spear (severely wounded)
The flame tongue misses the gnoll.
The flame tongue hits the gnoll.
The gnoll is lightly wounded.
The gnoll misses you.
Casting: Flame Tongue (safe; 6% risk of failure)
Confirm with . or Enter, or press ? or * to list all spells.
Aiming: Flame Tongue (safe; 6% risk of failure)
Press: ? - help, Shift-Dir - straight line, f/p - gnoll
Aim: a gnoll, wielding a spear (severely wounded)
The flame tongue misses the gnoll.
Casting: Flame Tongue (safe; 6% risk of failure)
Confirm with . or Enter, or press ? or * to list all spells.
Aiming: Flame Tongue (safe; 6% risk of failure)
Press: ? - help, Shift-Dir - straight line, f/p - gnoll
Aim: a gnoll, wielding a spear (severely wounded)
The flame tongue misses the gnoll.
The flame tongue hits the gnoll.
You kill the gnoll!
The gnoll hits you from afar with a spear!
You die...

###.# .... ##....#.###########
....# #..# ##....#.######.....
.....## #..# ##.....#....).......
......###..###......+............
...#..........#....#............
#.#........).#....#.##.....####
#...###..###g..##.#.......## #
###..## #g.# ##.............#
.#g.## ##..## ##@###........#
.g..####....####.....>......#
.....##..##..##..#####......#
#................# #.......#####
#......###...รท..## #.......#....
.......#........# #.......#.##.
.......#........# ###...(...#'##.
.......#........# #............#.
................# #............##


You could see a gnoll.

Vanquished Creatures
  A gnoll (D:2)
  3 dart slugs
  A leopard gecko (D:1)
  8 bats
  A giant cockroach (D:2)
  A goblin (D:2)
  3 hobgoblins
  2 kobolds
  A frilled lizard (D:1)
  5 rats
26 creatures vanquished.

Notes
Turn   | Place    | Note
-------+----------+-------------------------------------------
     0 | D:1      | OPFEOP the Octopode Fire Elementalist began the quest for
                  | the Orb.
     0 | D:1      | Reached XP level 1. HP: 11/11 MP: 3/3
   177 | D:1      | Reached XP level 2. HP: 15/17 MP: 0/5
   492 | D:1      | You fall through a shaft!
   574 | D:2      | Reached XP level 3. HP: 21/21 MP: 3/6
   852 | D:2      | Mangled by a gnoll

Action                   || total
-------------------------++-------
Melee: Dagger            ||    13
       Tentacles         ||     3
       Constrict         ||     5
 Cast: Flame Tongue      ||    43
Armor: Skin              ||     8
Dodge: Dodged            ||    27
